 Dungeon Crawl Stone Soup version 0.31-a0-1540-g5a0b83f448 (webtiles) character file.

Game seed: 5535458506615782487

84 voltaire321 the Apothecary (level 4, 0/32 HPs)
             Began as a Demonspawn Alchemist on Jan 2, 2024.
             Slain by Ijyb
             ... wielding a +0 club
              (3 damage)
             ... on level 3 of the Dungeon.
             The game lasted 00:06:57 (2689 turns).

voltaire321 the Apothecary (Demonspawn Alchemist)   Turns: 2689, Time: 00:06:58

Health: 0/32       AC:  6    Str: 10    XL:     4   Next: 23%
Magic:  6/7        EV: 10    Int: 15    God:
Gold:   81         SH:  0    Dex: 14    Spells: 6/7 levels left

rFire   . . .        c - +2 short sword (vamp)
rCold   . . .        (no shield)
rNeg    . . .        i - +0 ring mail
rPois   .            (no helmet)
rElec   .            (no cloak)
rCorr   .            g - +0 pair of gloves
SInv    .            (no boots)
Will    .....        (no amulet)
Stlth   +            (no ring)
HPRegen 0.25/turn    (no ring)
MPRegen 0.10/turn

%: no passive effects
@: no status effects
A: powered by pain 1
a: no special abilities


You were on level 3 of the Dungeon.
You visited 1 branch of the dungeon, and saw 3 of its levels.

You collected 81 gold pieces.

Inventory:

Hand Weapons
 c - a +2 vampiric short sword (weapon)
Armour
 g - a +0 pair of gloves (worn)
 i - a +0 ring mail (worn)
Scrolls
 a - a scroll of identify {unknown}
 e - 2 scrolls of poison {unknown}
 h - a scroll of fog {unknown}
Potions
 b - 3 potions of magic
 d - a potion of mutation {unknown}
 f - a potion of attraction {unknown}
 j - 3 potions of might {unknown}
 k - a potion of heal wounds {unknown}


   Skills:
 + Level 1.2 Fighting
 + Level 1.2 Armour
 + Level 2.3 Dodging
 - Level 1.7 Stealth
 + Level 2.4 Spellcasting
 + Level 1.9 Conjurations
 + Level 3.4 Alchemy


You had 6 spell levels left.
You knew the following spells:

 Your Spells              Type           Power      Damage    Failure   Level
a - Sting                 Conj/Alch      36%        1d5       19%         1

Your spell library contained the following spells:

 Spells                   Type           Power      Damage    Failure   Level
 Mercury Vapours          Alch/Air       12%        N/A       38%         2
 Mephitic Cloud           Conj/Alch/Air  7%         N/A       61%         3
 Olgreb's Toxic Radiance  Alch           12%        N/A       78%         4
 Fugue of the Fallen      Necr           1%         N/A       85%         3
 Ozocubu's Armour         Ice            1%         N/A       85%         3
 Sticky Flame             Fire/Alch      6%         2d4       95%         4
 Manifold Assault         Tloc           1%         N/A       99%         4


Dungeon Overview and Level Annotations

Branches:
Dungeon (3/15)

Altars:
Vehumet

Shops:
D:1 :[=

Annotations:
D:3 Ijyb


Innate Abilities, Weirdness & Mutations

You sometimes gain a little power by taking damage.


Message History

You feel less confused.
Ijyb zaps a wand.
Your will is overpowered!
You are confused.
Ijyb closely misses you.
You miss Ijyb.
Ijyb is almost dead.
Ijyb barely misses you.
You miss Ijyb.
Ijyb is almost dead.
Ijyb hits you with a +0 club.
You see here 11 gold pieces.
You bump into the stone wall.
Ijyb closely misses you.
You hear the slow rusting of a very distant drain.
You feel less confused.
You completely miss Ijyb.
Ijyb is almost dead.
Ijyb zaps a wand.
You resist with some effort.
You hit Ijyb but do no damage.
Ijyb is almost dead.
Ijyb zaps a wand.
Your will is overpowered!
You are confused.
You're too confused to move!
Ijyb hits you with a +0 club.
Ijyb zaps a wand.
You resist with some effort.
Things that are here:
a +0 dagger; a kobold corpse Ijyb hits you with a +0 club.
* * * LOW HITPOINT WARNING * * *
You're too confused to move!
Ijyb hits you with a +0 club.
* * * LOW HITPOINT WARNING * * *
Ijyb barely misses you.
You feel less confused. Ijyb hits you with a +0 club.
* * * LOW HITPOINT WARNING * * *
Aiming: Sting (safe; 19% risk of failure)
Press: ? - help, Q - select action Shift-Dir - straight line, f/p - Ijyb
Aim: Ijyb, wielding a +0 club, wearing a +0 ring mail and carrying a wand of charming (almost dead, 64% to hit)
The sting hits Ijyb but does no damage.
Ijyb is poisoned.
Ijyb is almost dead.
Ijyb hits you with a +0 club.
You die...

#.©# ..Z #..# .. #..#..
#?.#. #..# #..# .#
#.)#############..#
#.......$..........
#......@g.)........
########.##).<...........
#........#########...^...
#........# .##..#.
#........## .# ....
#.........### .. ##.
#............. ##
#####..###.#.# #..# ..#
..


You could see Ijyb (poisoned).

Vanquished Creatures
  Terence (D:2)
  2 ribbon worms (D:2)
  5 ball pythons
  3 endoplasms
  A giant cockroach (D:1)
  9 goblins
  7 hobgoblins
  8 bats
  A frilled lizard (D:2)
  7 kobolds
  5 rats
49 creatures vanquished.

Notes
Turn   | Place    | Note
-------+----------+-------------------------------------------
     0 | D:1      | voltaire321 the Demonspawn Alchemist began the quest for
                  | the Orb.
     0 | D:1      | Reached XP level 1. HP: 13/13 MP: 3/3
    26 | D:1      | Found Laki's Armour Boutique.
   225 | D:1      | Gained mutation: You sometimes gain a little power by
                  | taking damage. [demonic ancestry]
   225 | D:1      | Reached XP level 2. HP: 19/19 MP: 3/5
   686 | D:1      | Found Ixeysiff's Jewellery Shoppe.
   886 | D:1      | Found Furaaseg's Book Emporium.
  1104 | D:1      | Found a radiant altar of Vehumet.
  1156 | D:2      | Noticed Terence
  1170 | D:2      | Killed Terence
  1171 | D:2      | Reached skill level 1 in Armour
  1171 | D:2      | Reached XP level 3. HP: 13/25 MP: 2/6
  1263 | D:2      | Reached skill level 1 in Fighting
  1605 | D:2      | Reached XP level 4. HP: 32/32 MP: 3/7
  1645 | D:2      | Found a faded altar of an unknown god.
  2606 | D:3      | Identified the +5 hand axe of Irksome Fortitude {chaos,
                  | rC++ Str-2 Int+4}
  2613 | D:3      | Noticed Ijyb
  2689 | D:3      | Slain by Ijyb

Illustrated notes

Levels and vault maps discovered:
D:1:      dpeg_arrival_water_altar, layout_loops_ring, serial_shops,
          nicolae_shop_waterfront, nicolae_square_shop, shop,
          minmay_crystal_room
D:2:      kennysheep_six_static_rooms, layout_basic,
          shapermc_ecumenical_altar_ellora, patterned_corridor, uniq_terence
D:3:      layout_rooms, portal_sewer_entry_f, gammafunk_ghost_mausoleum,
          uniq_grinder, uniq_ijyb

Skill      XL: |  1  2  3 |
---------------+----------+-----
Dodging        | 2 |  2.3
Armour         | 1 |  1.2
Fighting       | 1 |  1.2
Stealth        | |  1.7
Spellcasting   | |  2.4
Conjurations   | |  1.9
Alchemy        | |  3.4

Action                     |  1- 3 |  4- 6 || total
---------------------------+-------+-------++-------
  Melee: Dagger            |    27 |     1 ||    28
         Short sword       |       |    43 ||    43
   Cast: Sting             |    53 |    20 ||    73
 Armour: Leather armour    |     2 |       ||     2
         Ring mail         |    14 |    46 ||    60
  Dodge: Dodged            |    17 |    33 ||    50

Table legend: (Time is in decaauts)
 A = Elapsed time spent in this place.
 B = Non-inter-level travel time spent in this place.
 C = Inter-level travel time spent in this place.
 D = Time resting spent in this place.
 E = Time spent auto-exploring this place.
 F = Levels seen in this place.
 G = Mean time per level.
                   A        B        C        D        E       F      G
               +--------+--------+--------+--------+--------+-----+--------+
         Total |   2690 |   2624 |     66 |     90 |   2010 |   3 |  896.7 |
       Dungeon |   2690 |   2624 |     66 |     90 |   2010 |   3 |  896.7 |
               +--------+--------+--------+--------+--------+-----+--------+

Top non-repeatable levels by time:
     D:2: 1435 daAuts
     D:1: 1145 daAuts
     D:3: 109 daAuts
